 Dungeon Crawl Stone Soup version 0.30-b1-2-g02819fbbbe (webtiles) character file.

Game seed: 10913877573742415754

144 rlgrobin the Chopper (level 5, 0/47 HPs)
             Began as a Hill Orc Fighter on May 8, 2023.
             Was an Initiate of the Shining One.
             Slain by Flugkiller's ghost (12 damage)
             ... on level 4 of the Dungeon.
             The game lasted 00:26:51 (3784 turns).

rlgrobin the Chopper (Hill Orc Fighter)             Turns: 3784, Time: 00:26:52

Health: 0/47       AC:  8    Str: 27    XL:     5   Next: 27%
Magic:  5/5        EV: 14    Int:  8    God:    the Shining One [......]
Gold:   156        SH:  8    Dex: 10    Spells: 4/4 levels left

rFire   . . .        l - +0 hand axe
rCold   . . .        A - +0 kite shield
rNeg    . . .        b - +0 scale mail
rPois   .            I - +0 helmet
rElec   .            (no cloak)
rCorr   .            (no gloves)
SInv    .            (no boots)
Will    .....        (no amulet) Stlth
                     f - +5 ring of evasion
HPRegen 0.27/turn    m - +6 ring of strength
MPRegen 0.09/turn

%: no passive effects
@: glowing
A: no striking features
a: Renounce Religion


You were on level 4 of the Dungeon.
You worshipped the Shining One.
The Shining One was noncommittal.
You visited 1 branch of the dungeon, and saw 4 of its levels.

You collected 156 gold pieces.

Inventory:

Hand Weapons
 c - a +0 short sword of draining
 j - a +0 vampiric dagger
 l - a +0 hand axe (weapon)
 v - a +0 hand axe of pain
Missiles
 e - 35 stones (quivered)
 r - 4 poisoned darts
 z - 7 boomerangs
Armour
 b - a +0 scale mail (worn)
 h - a +0 leather armour
 y - a +0 scale mail
 A - a +0 kite shield (worn)
 I - a +0 helmet (worn)
Jewellery
 f - a +5 ring of evasion (left hand)
 m - a +6 ring of strength (right hand)
Scrolls
 a - 2 scrolls of teleportation {unknown}
 g - a scroll of blinking {unknown}
 i - 2 scrolls of amnesia
 o - a scroll of brand weapon
 J - a scroll of enchant armour
 L - a scroll of enchant weapon
 M - 3 scrolls of poison
Potions
 d - a potion of might
 k - a potion of curing
 w - 2 potions of lignification
 x - a potion of invisibility {unknown}
 G - a potion of haste {unknown}
 H - a potion of mutation {unknown}
 K - a potion of ambrosia {unknown}


   Skills:
 + Level 4.4 Fighting
 + Level 4.6 Axes
 + Level 4.0 Armour
 + Level 1.0 Dodging
 + Level 3.9 Shields


You had 4 spell levels left.
You didn't know any spells.
Your spell library was empty.

Dungeon Overview and Level Annotations

Branches:
Dungeon (4/15)
 Temple: D:4-7

Altars:
Makhleb
Zin
The Shining One

Shops:
D:2 *

Annotations:
D:4 Flugkiller's ghost, amateur MiFi


Message History

You completely miss Flugkiller's ghost.
Flugkiller's ghost is moderately damaged.
Flugkiller's ghost hits you.
You closely miss Flugkiller's ghost.
Flugkiller's ghost is moderately damaged.
Flugkiller's ghost hits you!
* * * LOW HITPOINT WARNING * * *
You barely miss Flugkiller's ghost.
Flugkiller's ghost is moderately damaged.
Flugkiller's ghost hits you but does no damage.
You block Flugkiller's ghost's attack.
You slash Flugkiller's ghost!
Flugkiller's ghost is heavily damaged.
You block Flugkiller's ghost's attack.
You feel better. You block Flugkiller's ghost's attack.
You barely miss Flugkiller's ghost.
Flugkiller's ghost is heavily damaged.
Flugkiller's ghost barely misses you.
You completely miss Flugkiller's ghost.
Flugkiller's ghost is heavily damaged.
Flugkiller's ghost hits you.
* * * LOW HITPOINT WARNING * * *
You hit Flugkiller's ghost but do no damage.
Flugkiller's ghost is heavily damaged.
You block Flugkiller's ghost's attack.
You hit Flugkiller's ghost.
Flugkiller's ghost is heavily damaged.
Flugkiller's ghost hits you but does no damage.
You hit Flugkiller's ghost but do no damage.
Flugkiller's ghost is heavily damaged.
Flugkiller's ghost wails.
Flugkiller's ghost completely misses you.
You barely miss Flugkiller's ghost.
Flugkiller's ghost is heavily damaged.
Flugkiller's ghost misses you. Flugkiller's ghost hits you.
* * * LOW HITPOINT WARNING * * *
You slash Flugkiller's ghost!
Flugkiller's ghost is severely damaged.
Flugkiller's ghost hits you!
You die...

.# #.# #.##.#
.#######.######.##.#
.##.............##.#
###.#####.########.#
###.# #.# ##.###
....# #.# #....#
##### #.# ##.##.#
#.# ##..##.# #.#
#.@.##[# ...
##W##..# # #..
#~~~#..# ###
#~~~#..# ..#
#~~~#..########
..####
#~~~#..........
.....#
#~)~#..######.#
...#...#
#~~~#.......# ~..#
#.. #######.#


You could see Flugkiller's ghost.

Vanquished Creatures
  6 adders
  A shadow imp (D:4)
  A worm (D:3)
  2 dart slugs
  6 orcs
  5 bats
  3 endoplasms
  3 giant cockroaches
  5 goblins
  7 hobgoblins
  8 jackals
  A quokka (D:2)
  7 ball pythons
  3 frilled lizards
  7 kobolds
  5 rats
70 creatures vanquished.

Vanquished Creatures (others)
  2 plants (D:4)
2 creatures vanquished.

Grand Total: 72 creatures vanquished

Notes
Turn   | Place    | Note
-------+----------+-------------------------------------------
     0 | D:1      | rlgrobin the Hill Orc Fighter began the quest for the Orb.
     0 | D:1      | Reached XP level 1. HP: 19/19 MP: 1/1
   679 | D:1      | Reached XP level 2. HP: 27/27 MP: 2/2
  1455 | D:2      | Reached XP level 3. HP: 33/33 MP: 3/3
  1478 | D:2      | Found Beureohe's Assorted Antiques.
  2443 | D:3      | Reached XP level 4. HP: 41/41 MP: 4/4
  3228 | D:4      | Found a burning altar of Makhleb.
  3228 | D:4      | Found a glowing silver altar of Zin.
  3229 | D:4      | Noticed an angel
  3229 | D:4      | Noticed a cacodemon
  3296 | D:4      | Reached skill level 1 in Dodging
  3303 | D:4      | Reached XP level 5. HP: 25/47 MP: 5/5
  3490 | D:4      | Found a glowing golden altar of the Shining One.
  3630 | D:4      | Became a worshipper of the Shining One
  3694 | D:4      | Found a runed translucent door.
  3698 | D:4      | Noticed Flugkiller's ghost (amateur MiFi)
  3784 | D:4      | Slain by Flugkiller's ghost

Illustrated notes

Levels and vault maps discovered:
D:1:      dpeg_arrival_circle_labyrinth_c, layout_loops_corners
D:2:      layout_basic, serial_shops, nicolae_shop_tiny_statue_garden
D:3:      layout_loops_ring, minmay_cut_off
D:4:      layout_loops_ring, grunt_temple_overflow_order_and_chaos_2,
          tso_oasis_becter, gammafunk_temple_overflow_forgotten,
          ebering_ghost_sewer_f

Skill      XL: |  1  2  3  4  5 |
---------------+----------------+-----
Fighting       | 4 |  4.4
Axes           | 3 4 |  4.6
Dodging        | 1 |  1.0
Armour         | 4 |  4.0
Shields        | |  3.9

Action                     |  1- 3 |  4- 6 || total
---------------------------+-------+-------++-------
  Melee: War axe           |    66 |       ||    66
         Hand axe          |    55 |   175 ||   230
    Use: Scroll            |       |     7 ||     7
         Potion            |       |     3 ||     3
 Armour: Scale mail        |    45 |    45 ||    90
  Dodge: Dodged            |    49 |    89 ||   138
  Block: Buckler           |     7 |       ||     7
         Kite shield       |    23 |    72 ||    95
